PAAA
BAKERSFIELD NOBLES @ JERSEY CITY TRITONS
08/30/2029
 
TOP OF THE 1ST
Bakersfield Nobles batting - Pitching for Jersey City Tritons : RHP António Alomar
Pitching: RHP António Alomar
Batting: RHB Francisco Agámez 0-0: Called Strike
0-1: Ball
1-1: Foul Ball, location: 2F
1-2: Foul Ball, location: 2F
1-2: Ball
2-2: Strikes out swinging
Batting: LHB Hideki Hisanobu 0-0: Ball
1-0: Called Strike
1-1: Ball
2-1: Foul Ball, location: 2F
2-2: Foul Ball, location: 2F
2-2: Strikes out looking
Batting: LHB Theo Fightmaster 0-0: SINGLE (Flyball, 89S)
Batting: LHB Jorge Alejándrez 0-0: Fly out, F8 (Flyball, 8LD)
Top of the 1st over - 0 runs, 1 hit, 0 errors, 1 left on base; Bakersfield 0 - Jersey City 0
BOTTOM OF THE 1ST
Jersey City Tritons batting - Pitching for Bakersfield Nobles : RHP Ricardo Gómez
Pitching: RHP Ricardo Gómez
Batting: RHB Dave Yates 0-0: Ball
1-0: SINGLE (Line Drive, 89S)
Batting: RHB Zahid Kashani 0-0: Called Strike
0-1: Ground out 5-3 (Groundball, 56S)
Dave Yates to second
Batting: RHB Edgar Baeza 0-0: Ball
1-0: Ball
2-0: Called Strike
2-1: Fly out, F3 (Line Drive, 34)
Batting: RHB Ju-chan Pak 0-0: Ball
1-0: Ball
2-0: SINGLE (Line Drive, 7LM)
Dave Yates to third
Runner from 3rd tries for Home, SAFE, no throw
Batting: LHB Chia-ch'ing Dodman 0-0: Ball
1-0: Ball
2-0: Ball
3-0: Called Strike
3-1: Swinging Strike
3-2: Strikes out looking
Bottom of the 1st over - 1 run, 2 hits, 0 errors, 1 left on base; Bakersfield 0 - Jersey City 1
TOP OF THE 2ND
Bakersfield Nobles batting - Pitching for Jersey City Tritons : RHP António Alomar
Batting: SHB Jason Alexander 0-0: Ball
1-0: Ball
2-0: Ball
3-0: Called Strike
3-1: Called Strike
3-2: SOLO HOME RUN (Flyball, 9LD), Distance : 337 ft
Batting: RHB António Ramírez 0-0: Called Strike
0-1: Swinging Strike
0-2: Strikes out swinging
Batting: RHB Mario Blanco 0-0: Foul Ball, location: 2F
0-1: Called Strike
0-2: Ball
1-2: Foul Ball, location: 2F
1-2: Strikes out looking
Batting: RHB Omer Yurtseven 0-0: Foul Ball, location: 2F
0-1: Ball
1-1: Fly out, F9 (Flyball, 9S)
Top of the 2nd over - 1 run, 1 hit, 0 errors, 0 left on base; Bakersfield 1 - Jersey City 1
BOTTOM OF THE 2ND
Jersey City Tritons batting - Pitching for Bakersfield Nobles : RHP Ricardo Gómez
Batting: SHB Dave Atkins 0-0: Called Strike
0-1: Ball
1-1: Called Strike
1-2: Fly out, F7 (Flyball, 7)
Batting: SHB John Krog 0-0: Ball
1-0: Called Strike
1-1: Swinging Strike
1-2: Strikes out swinging
Batting: LHB Colt Gridley 0-0: SINGLE (Groundball, 4D)
Batting: RHB Gabriel Guerrero 0-0: Ball
1-0: Fly out, F7 (Flyball, 7LS)
Bottom of the 2nd over - 0 runs, 1 hit, 0 errors, 1 left on base; Bakersfield 1 - Jersey City 1
TOP OF THE 3RD
Bakersfield Nobles batting - Pitching for Jersey City Tritons : RHP António Alomar
Batting: RHB Yosuke Hayashi 0-0: Foul Ball, location: 2F
0-1: Swinging Strike
0-2: Strikes out swinging
Batting: RHB Francisco Agámez 0-0: Called Strike
0-1: Foul Ball, location: 2F
0-2: Foul Ball, location: 2F
0-2: Ball
1-2: Foul Ball, location: 2F
1-2: Ball
2-2: Strikes out looking
Batting: LHB Hideki Hisanobu 0-0: Fly out, F3 (Line Drive, 3)
Top of the 3rd over - 0 runs, 0 hits, 0 errors, 0 left on base; Bakersfield 1 - Jersey City 1
BOTTOM OF THE 3RD
Jersey City Tritons batting - Pitching for Bakersfield Nobles : RHP Ricardo Gómez
Batting: RHB Dave Yates 0-0: Ball
1-0: Bunted foul
1-1: Ball
2-1: Ball
3-1: Swinging Strike
3-2: Foul Ball, location: 2F
3-2: Base on Balls
Batting: RHB Zahid Kashani 0-0: Hit by Pitch
Dave Yates to second
Batting: RHB Edgar Baeza 0-0: Called Strike
0-1: Ball
1-1: SINGLE (Groundball, 34) (infield hit)
Dave Yates to third
Zahid Kashani to second
Batting: RHB Ju-chan Pak 0-0: SINGLE (Flyball, 9S)
Dave Yates scores
Zahid Kashani to third
Edgar Baeza to second
Runner from 3rd tries for Home, SAFE, no throw
Batting: LHB Chia-ch'ing Dodman 0-0: Ball
1-0: SINGLE (Line Drive, 34D)
Edgar Baeza to third
Ju-chan Pak to second
Batting: SHB Dave Atkins 0-0: Ball
1-0: SINGLE (Groundball, 34D)
Edgar Baeza scores
Ju-chan Pak to third
Chia-ch'ing Dodman to second
Runner from 3rd tries for Home, SAFE, throw made home
Batting: SHB John Krog 0-0: Swinging Strike
0-1: Called Strike
0-2: Fly out, F8 (Flyball, 8RM)
Batting: LHB Colt Gridley 0-0: Foul Ball, location: 2F
0-1: Called Strike
0-2: Ball
1-2: Ball
2-2: Ball
3-2: Fly out, F4 (Line Drive, 4)
Batting: RHB Gabriel Guerrero 0-0: Ball
1-0: Ball
2-0: Called Strike
2-1: Called Strike
2-2: Strikes out swinging
Bottom of the 3rd over - 4 runs, 4 hits, 0 errors, 2 left on base; Bakersfield 1 - Jersey City 5
TOP OF THE 4TH
Bakersfield Nobles batting - Pitching for Jersey City Tritons : RHP António Alomar
Batting: LHB Theo Fightmaster 0-0: Foul Ball, location: 2F
0-1: Ball
1-1: Called Strike
1-2: SINGLE (Groundball, 4MD)
Batting: LHB Jorge Alejándrez 0-0: Foul Ball, location: 2F
0-1: Ball
1-1: Called Strike
1-2: Ball
2-2: Foul Ball, location: 2F
2-2: Ball
3-2: 2-RUN HOME RUN (Flyball, 9D), Distance : 383 ft
Batting: SHB Jason Alexander 0-0: Ball
1-0: Ball
2-0: Foul Ball, location: 2F
2-1: Called Strike
2-2: Ball
3-2: Foul Ball, location: 2F
3-2: Base on Balls
Batting: RHB António Ramírez 0-0: Ball
1-0: Ground out 5-3 (Groundball, 56S)
Jason Alexander to second
Batting: RHB Mario Blanco 0-0: Ball
1-0: Called Strike
1-1: Swinging Strike
1-2: Strikes out looking
Batting: RHB Omer Yurtseven 0-0: Called Strike
0-1: Ball
1-1: Called Strike
1-2: Strikes out swinging
Top of the 4th over - 2 runs, 2 hits, 0 errors, 1 left on base; Bakersfield 3 - Jersey City 5
BOTTOM OF THE 4TH
Jersey City Tritons batting - Pitching for Bakersfield Nobles : RHP Ricardo Gómez
Batting: RHB Dave Yates 0-0: Swinging Strike
0-1: Foul Ball, location: 2F
0-2: SINGLE (Groundball, 6D)
Batting: RHB Zahid Kashani 0-0: Called Strike
0-1: DOUBLE (Flyball, 8LXD)
Dave Yates to third
Batting: RHB Edgar Baeza 0-0: Ball
1-0: Swinging Strike
1-1: Foul Ball, location: 2F
1-2: Ball
2-2: Strikes out swinging
Batting: RHB Ju-chan Pak 0-0: Called Strike
0-1: Foul Ball, location: 2F
0-2: Ball
1-2: 3-RUN HOME RUN (Line Drive, 7D), Distance : 386 ft
Batting: LHB Chia-ch'ing Dodman 0-0: Ball
1-0: Called Strike
1-1: Ball
2-1: Ball
3-1: Foul Ball, location: 2F
3-2: Fly out, F8 (Flyball, 8LM)
Batting: SHB Dave Atkins 0-0: Ground out U3 (Groundball, 3)
Bottom of the 4th over - 3 runs, 3 hits, 0 errors, 0 left on base; Bakersfield 3 - Jersey City 8
TOP OF THE 5TH
Bakersfield Nobles batting - Pitching for Jersey City Tritons : RHP António Alomar
Batting: RHB Yosuke Hayashi 0-0: Ball
1-0: Ball
2-0: Fly out, F9 (Flyball, 89S)
Batting: RHB Francisco Agámez 0-0: Swinging Strike
0-1: Foul Ball, location: 2F
0-2: Foul Ball, location: 2F
0-2: Ball
1-2: Foul Ball, location: 2F
1-2: Strikes out swinging
Batting: LHB Hideki Hisanobu 0-0: Swinging Strike
0-1: Ball
1-1: Ball
2-1: Called Strike
2-2: Strikes out swinging
Top of the 5th over - 0 runs, 0 hits, 0 errors, 0 left on base; Bakersfield 3 - Jersey City 8
BOTTOM OF THE 5TH
Jersey City Tritons batting - Pitching for Bakersfield Nobles : RHP Ricardo Gómez
Batting: SHB John Krog 0-0: Foul Ball, location: 2F
0-1: Swinging Strike
0-2: Ball
1-2: Ball
2-2: Ball
3-2: Foul Ball, location: 2F
3-2: Fly out, F5 (Popup, 5L)
Batting: LHB Colt Gridley 0-0: Foul Ball, location: 2F
0-1: Ball
1-1: Ground out 4-3 (Groundball, 4M)
Batting: RHB Gabriel Guerrero 0-0: Foul Ball, location: 2F
0-1: Fly out, F5 (Line Drive, 5L)
Bottom of the 5th over - 0 runs, 0 hits, 0 errors, 0 left on base; Bakersfield 3 - Jersey City 8
TOP OF THE 6TH
Bakersfield Nobles batting - Pitching for Jersey City Tritons : RHP António Alomar
Batting: LHB Theo Fightmaster 0-0: Swinging Strike
0-1: Called Strike
0-2: Foul Ball, location: 2F
0-2: Ball
1-2: Foul Ball, location: 2F
1-2: Foul Ball, location: 2F
1-2: Ball
2-2: Strikes out swinging
Batting: LHB Jorge Alejándrez 0-0: Fly out, F9 (Flyball, 9)
Batting: SHB Jason Alexander 0-0: Ball
1-0: Ball
2-0: Called Strike
2-1: Ball
3-1: Foul Ball, location: 2F
3-2: Base on Balls
Batting: RHB António Ramírez 0-0: Called Strike
0-1: Ground out 5-3 (Groundball, 56S)
Top of the 6th over - 0 runs, 0 hits, 0 errors, 1 left on base; Bakersfield 3 - Jersey City 8
BOTTOM OF THE 6TH
Jersey City Tritons batting - Pitching for Bakersfield Nobles : RHP Ricardo Gómez
Pitching: RHP Greg Davis
Batting: RHB Dave Yates 0-0: Fly out, F9 (Flyball, 9S)
Batting: RHB Zahid Kashani 0-0: SINGLE (Flyball, 78S)
Batting: RHB Edgar Baeza 0-0: Grounds into double play, 1-6-3 (Groundball, P)
Bottom of the 6th over - 0 runs, 1 hit, 0 errors, 0 left on base; Bakersfield 3 - Jersey City 8
TOP OF THE 7TH
Bakersfield Nobles batting - Pitching for Jersey City Tritons : RHP António Alomar
Pitching: RHP Pedro Silva
Batting: RHB Mario Blanco 0-0: Ball
1-0: Ball
2-0: Swinging Strike
2-1: SINGLE (Line Drive, 56D)
Batting: RHB Omer Yurtseven 0-0: Called Strike
0-1: Ball
1-1: Called Strike
1-2: Fly out, F1 (Line Drive, 13)
Batting: RHB Yosuke Hayashi 0-0: SINGLE (Groundball, 4MD)
Mario Blanco to second
Batting: RHB Francisco Agámez 0-0: Called Strike
0-1: Swinging Strike
0-2: Foul Ball, location: 2F
0-2: Strikes out swinging
Batting: LHB Hideki Hisanobu 0-0: Called Strike
0-1: Ball
1-1: Fly out, F7 (Flyball, 7S)
Top of the 7th over - 0 runs, 2 hits, 0 errors, 2 left on base; Bakersfield 3 - Jersey City 8
BOTTOM OF THE 7TH
Jersey City Tritons batting - Pitching for Bakersfield Nobles : RHP Greg Davis
Batting: RHB Ju-chan Pak 0-0: Called Strike
0-1: Ball
1-1: Called Strike
1-2: Ball
2-2: Ball
3-2: Foul Ball, location: 2F
3-2: Fly out, F7 (Flyball, 7S)
Batting: LHB Chia-ch'ing Dodman 0-0: Ball
1-0: Ball
2-0: Swinging Strike
2-1: Ball
3-1: Base on Balls
Batting: SHB Dave Atkins 0-0: Foul Ball, location: 2F
0-1: Ball
1-1: Ball
2-1: Fly out, F9 (Line Drive, 89M)
Batting: SHB John Krog 0-0: Foul Ball, location: 2F
0-1: Ball
1-1: Foul Ball, location: 2F
1-2: Strikes out swinging
Bottom of the 7th over - 0 runs, 0 hits, 0 errors, 1 left on base; Bakersfield 3 - Jersey City 8
TOP OF THE 8TH
Bakersfield Nobles batting - Pitching for Jersey City Tritons : RHP Pedro Silva
Batting: LHB Theo Fightmaster 0-0: Ball
1-0: SINGLE (Groundball, 6D)
Batting: LHB Jorge Alejándrez 0-0: Ball
1-0: Fly out, F6 (Line Drive, 6)
Batting: SHB Jason Alexander 0-0: Ball
1-0: Foul Ball, location: 2F
1-1: Called Strike
1-2: Ball
2-2: Ball
3-2: Fly out, F8 (Flyball, 8RM)
Batting: RHB António Ramírez 0-0: Called Strike
0-1: Ball
1-1: SINGLE (Groundball, 56S) (infield hit)
Theo Fightmaster to second
Batting: RHB Mario Blanco 0-0: Ball
1-0: Called Strike
1-1: SINGLE (Groundball, 34D)
Theo Fightmaster to third
António Ramírez to second
Batting: RHB Omer Yurtseven 0-0: Fielders Choice at 2nd, 6-4 (Groundball, 56)
Top of the 8th over - 0 runs, 3 hits, 0 errors, 3 left on base; Bakersfield 3 - Jersey City 8
BOTTOM OF THE 8TH
Jersey City Tritons batting - Pitching for Bakersfield Nobles : RHP Greg Davis
Batting: LHB Colt Gridley 0-0: Called Strike
0-1: Ball
1-1: Ball
2-1: Ground out 6-3 (Groundball, 6)
Batting: RHB Gabriel Guerrero 0-0: Called Strike
0-1: Ball
1-1: Fly out, F7 (Flyball, 7S)
Batting: RHB Dave Yates 0-0: Called Strike
0-1: Foul Ball, location: 2F
0-2: Foul Ball, location: 2F
0-2: Fly out, F3 (Popup, 3SF)
Bottom of the 8th over - 0 runs, 0 hits, 0 errors, 0 left on base; Bakersfield 3 - Jersey City 8
TOP OF THE 9TH
Bakersfield Nobles batting - Pitching for Jersey City Tritons : RHP Pedro Silva
Now at 3B: Vince Barrowcliff
Batting: RHB Yosuke Hayashi 0-0: Called Strike
0-1: Ball
1-1: Swinging Strike
1-2: Ball
2-2: Foul Ball, location: 2F
2-2: Ball
3-2: Strikes out swinging, 2-3 out at first.
Batting: RHB Francisco Agámez 0-0: Called Strike
0-1: Ball
1-1: Foul Ball, location: 2F
1-2: Ground out 6-3 (Groundball, 6M)
Batting: LHB Hideki Hisanobu 0-0: Called Strike
0-1: Called Strike
0-2: Foul Ball, location: 2F
0-2: Ground out 4-3 (Groundball, 4)
Top of the 9th over - 0 runs, 0 hits, 0 errors, 0 left on base; Bakersfield 3 - Jersey City 8
Tuesday, December 19th, 2017 - OOTP Baseball 18.8 Build 76